 Dungeon Crawl Stone Soup version 0.16.2-12-gd0ad4c3 (webtiles) character file.

2564 faibistes the Thaumaturge (level 9, -3/47 HPs)
             Began as a Deep Elf Wizard on Jan 2, 2018.
             Was a Priest of Sif Muna.
             Shot with a bolt by an orc warlord (35 damage)
             ... in a bailey.
             The game lasted 00:32:21 (7980 turns).

faibistes the Thaumaturge (Deep Elf Wizard)         Turns: 7980, Time: 00:32:22

Health: -3/47      AC:  7    Str:  4    XL:     9   Next: 31%
Magic:  29/38      EV: 14    Int: 31    God:    Sif Muna [***...]
Gold:   60         SH:  0    Dex: 13    Spells: 9 memorised, 3 levels left

rFire  . . .     SeeInvis .     C - +11 hand axe of the Skies Above {flame, +Blink}
rCold  . . .     Clarity  +     u - +2 robe {MR+}
rNeg   . . .     SustAb   .     (no shield)
rPois  .         Gourm    .     e - +1 hat
rElec  +         Spirit   .     q - +1 cloak
rCorr  .         Warding  .     (no gloves)
rMut   .         Stasis   .     (no boots)
MR     +....                    m - amulet of clarity
Stlth  +.........               E - ring of magical power
                                w - ring of Pride {+cTele +Fly rElec Int+4 Stlth-}

@: repel missiles, somewhat resistant to hostile enchantments, very unstealthy
A: no striking features
a: Channel Energy, Forget Spell, Renounce Religion, Evoke Blink, Evoke Flight,
Evoke Teleport Control


You were in a bailey.
You worshipped Sif Muna.
Sif Muna was most pleased with you.
You were not hungry.

You visited 2 branches of the dungeon, and saw 9 of its levels.
You also visited: Bailey.

You collected 260 gold pieces.
You spent 200 gold pieces at shops.

Inventory:

Hand weapons
 k - a +0 dagger
 C - the +11 hand axe of the Skies Above (weapon) {flame, +Blink}
   (You found it on level 5 of the Dungeon)

   It has been specially enchanted to burn those struck by it, causing extra
   injury to most foes and up to half again as much damage against particularly
   susceptible opponents.
   Big, fiery blades are also staple armaments of hydra-hunters.
   It lets you blink.
 D - a +0 morningstar of holy wrath
Armour
 e - a +1 hat (worn)
 q - a +1 cloak (worn)
 u - a +2 robe of magic resistance (worn)
Jewellery
 m - an amulet of clarity (around neck)
 w - the ring of Pride (left hand) {+cTele +Fly rElec Int+4 Stlth-}
   (You found it on level 5 of the Dungeon)

   [ring of teleport control]

   It can be evoked for teleport control.
   It affects your intelligence (+4).
   It insulates you from electricity.
   It lets you fly.
   It makes you less stealthy.
 E - a ring of magical power (right hand)
Scrolls
 a - a scroll of recharging
 b - 2 scrolls of enchant armour
 h - 2 scrolls of amnesia
 j - 2 scrolls of remove curse
 x - a scroll of teleportation
 H - a scroll of vulnerability {unknown}
Potions
 g - a potion of curing
 i - a potion of haste
 l - a potion of cure mutation {unknown}
 o - a potion of restore abilities {unknown}
 p - a potion of agility {unknown}
 r - 3 potions of heal wounds
 t - a potion of might {unknown}
 A - 2 potions of flight
 B - a potion of resistance {unknown}
Books
 c - a book of Minor Magic

   Spells                             Type                      Level
   a - Magic Dart                     Conjuration                  1
   b - Blink                          Translocation                2
   c - Call Imp                       Summoning                    2
   d - Repel Missiles                 Charms/Air                   2
   e - Slow                           Hexes                        2
   f - Conjure Flame                  Conjuration/Fire             3
   g - Mephitic Cloud                 Conjuration/Poison/Air       3
 f - a book of Air

   Spells                             Type                      Level
   a - Shock                          Conjuration/Air              1
   b - Swiftness                      Charms/Air                   2
   c - Repel Missiles                 Charms/Air                   2
   d - Flight                         Charms/Air                   3
   e - Static Discharge               Conjuration/Air              3
   f - Lightning Bolt                 Conjuration/Air              5
 z - a Fen Folio

   Spells                             Type                      Level
   a - Corpse Rot                     Necromancy                   2
   b - Stone Arrow                    Conjuration/Earth            3
   c - Leda's Liquefaction            Hexes/Earth                  4
   d - Summon Forest                  Summoning/Translocation      5
   e - Hydra Form                     Transmutation                6
   f - Summon Hydra                   Summoning                    7
Comestibles
 d - 5 bread rations
 n - 4 meat rations
 s - 5 fruits
 v - a beef jerky
 F - 2 chunks of flesh


   Skills:
 + Level 1.4 Fighting
 + Level 5.6 Dodging
 - Level 2.4 Stealth
 * Level 9.1 Spellcasting
 + Level 5.8 Conjurations
 + Level 1.9 Charms
 * Level 3.8 Summonings
 + Level 2.8 Translocations
 * Level 4.1 Fire Magic
 * Level 3.6 Air Magic
 * Level 3.4 Earth Magic
 - Level 2.1 Poison Magic
 * Level 0.9 Invocations
 + Level 0.8 Evocations


You had 3 spell levels left.
You knew the following spells:

 Your Spells              Type           Power        Failure   Level  Hunger
a - Magic Dart            Conj           ####         1%          1    None
b - Conjure Flame         Conj/Fire      #####...     1%          3    None
c - Call Imp              Summ           #####...     1%          2    None
d - Blink                 Tloc           N/A          1%          2    None
e - Mephitic Cloud        Conj/Pois/Air  #####...     1%          3    None
f - Repel Missiles        Chrm/Air       ####..       1%          2    None
g - Swiftness             Chrm/Air       ####....     1%          2    None
v - Lightning Bolt        Conj/Air       #####.....   14%         5    ###....
z - Stone Arrow           Conj/Erth      #####.       1%          3    None


Dungeon Overview and Level Annotations

Branches:
Dungeon (8/15)             Temple (1/1) D:4
   Lair: D:8-11

Altars:
Cheibriados
Dithmenos
Elyvilon
Fedhas
Gozag
Makhleb
Nemelex Xobeh
Okawaru
Qazlal
Ru
Sif Muna
Trog
Vehumet
Xom
Yredelemnul
Zin
The Shining One

Shops:
D:5 =   D:6 ?   D:8 *

Annotations:
D:8 Dowan, Duvessa


Message History

Casting: Conjure Flame
Confirm with . or Enter, or press ? or * to list all spells.
Aiming: Conjure Flame
Press: ? - help, Dir - move target cursor The fire roars!
The orc warrior shouts!
The orc warlord shoots a bolt.
The bolt completely misses you.
Casting: Conjure Flame
Confirm with . or Enter, or press ? or * to list all spells.
Aiming: Conjure Flame
Press: ? - help, Dir - move target cursor, f - you
Okay, then.
Casting: Conjure Flame
Confirm with . or Enter, or press ? or * to list all spells.
Aiming: Conjure Flame
Press: ? - help, Dir - move target cursor The fire roars!
The orc warlord shoots a bolt.
The bolt is repelled.
The orc warlord shoots a bolt.
The bolt hits you!!
Ouch! That really hurt!
You die...

...... ...### ♣♣♣♣♣♣
#)#.### ♣.♣..♣♣
###o))..###♣♣♣.....♣
##..§o.....##.......♣
#...§..)....#.......♣
#...§....)..'........
#..)..⌠)....'..∩.∩..♣
#...@..()...'.......♣
#...)..)....#.......♣
###..(()....##......♣♣
###.###(....###♣♣......♣
. ###.....#+#.###
♣♣.♣..♣♣ ...
##.......))### ♣♣♣♣♣♣
.... #.....§§....# ..)..
#...)§......#
⌠.)).)#.....o.)...#


You could see an orc warlord and an orc warrior (frenzied).

Vanquished Creatures
  An orc knight (Bailey)
  A hungry ghost (D:4)
  Edmund (D:3)
  7 orc warriors (Bailey)
  An ice beast (D:6)
  A phantom (D:3)
  2 slaves (D:6)
  A big kobold (D:8)
  A giant frog (D:5)
  A scorpion (D:5)
  A crimson imp (D:5)
  5 orc wizards
  A giant frog skeleton (D:4)
  4 iguanas
  A giant frog zombie (D:5)
  A worker ant (D:7)
  A hound skeleton (D:5)
  A hound zombie (D:7)
  11 gnolls
  9 adders
  2 shadow imps (D:5)
  4 worms
  An adder zombie (D:5)
  An adder skeleton (D:4)
  23 orcs
  A ball python (D:3)
  20 goblins
  24 hobgoblins
  4 jackals
  8 bats
  A giant cockroach (D:4)
  6 giant geckos
  3 giant newts
  A goblin skeleton (D:5)
  A goblin zombie (D:5)
  5 hobgoblin zombies (D:5)
  12 kobolds
  2 kobold skeletons (D:5)
  An orc skeleton (D:5)
  4 quokkas
  15 rats
191 creatures vanquished.

Vanquished Creatures (collateral kills)
  A worker ant (D:4)
  A gnoll (D:1)
  A worm (D:4)
  A goblin (D:1)
  A giant newt (D:4)
  2 rats (D:1)
7 creatures vanquished.

Vanquished Creatures (others)
  A shadow imp (D:3)
  A bat (D:4)
  A giant cockroach (D:4)
3 creatures vanquished.

Grand Total: 201 creatures vanquished

Notes
Turn   | Place    | Note
--------------------------------------------------------------
     0 | D:1      | faibistes, the Deep Elf Wizard, began the quest for the Orb.
     0 | D:1      | Reached XP level 1. HP: 10/10 MP: 6/6
   167 | D:2      | Reached XP level 2. HP: 13/15 MP: 1/10
   177 | D:2      | Learned a level 2 spell: Blink
   180 | D:2      | Learned a level 2 spell: Call Imp
   596 | D:1      | Reached XP level 3. HP: 7/19 MP: 2/13
   619 | D:1      | Reached skill level 5 in Spellcasting
   675 | D:1      | Learned a level 3 spell: Conjure Flame
   679 | D:1      | Learned a level 3 spell: Mephitic Cloud
  1648 | D:2      | Reached XP level 4. HP: 24/24 MP: 13/17
  1696 | D:2      | Learned a level 2 spell: Repel Missiles
  1818 | D:2      | Found a sacrificial altar of Ru.
  2662 | D:4      | Reached skill level 6 in Spellcasting
  2728 | D:3      | Noticed a phantom
  2741 | D:3      | Reached XP level 5. HP: 28/28 MP: 15/20
  2844 | D:3      | HP: 1/28 [poisoned by an adder]
  3075 | D:4      | Noticed Edmund
  3098 | D:4      | Noticed a hungry ghost
  3156 | D:3      | Killed Edmund
  3156 | D:3      | Reached XP level 6. HP: 5/32 MP: 7/22
  3448 | D:4      | Killed a hungry ghost
  3448 | D:4      | Reached skill level 7 in Spellcasting
  3568 | D:3      | Killed a phantom
  3711 | D:3      | Found an opulent altar of Gozag.
  3798 | D:3      | Reached XP level 7. HP: 34/36 MP: 18/25
  4055 | D:3      | Found a blossoming altar of Fedhas.
  4137 | D:5      | Entered Level 5 of the Dungeon
  4223 | D:4      | Learned a level 2 spell: Swiftness
  4345 | D:4      | Reached skill level 1 in Fighting
  4373 | D:4      | Found a bloodstained altar of Trog.
  4669 | D:4      | Found a staircase to the Ecumenical Temple.
  4683 | Temple   | Entered the Ecumenical Temple
  4743 | Temple   | Became a worshipper of Sif Muna the Loreminder
  4960 | D:5      | Got a wavering amber ring
  4961 | D:5      | Identified the ring of Pride {+cTele +Fly rElec Int+4 Stlth-} (You found it on level 5 of the Dungeon)
  5114 | D:5      | Learned a level 3 spell: Stone Arrow
  5321 | D:5      | Got a jewelled hand axe
  5323 | D:5      | Identified the +11 hand axe of the Skies Above {flame, +Blink} (You found it on level 5 of the Dungeon)
  5325 | D:5      | Found a glowing golden altar of the Shining One.
  5475 | D:5      | Reached skill level 1 in Air Magic
  5505 | D:5      | Reached skill level 1 in Fire Magic
  5735 | D:5      | Reached skill level 8 in Spellcasting
  5735 | D:5      | Reached skill level 1 in Earth Magic
  5793 | D:5      | Found Asmoin's Jewellery Shop.
  5801 | D:5      | Bought an uncursed ring of magical power for 200 gold pieces
  6012 | D:5      | Acquired Sif Muna's first power
  6039 | D:5      | Reached skill level 1 in Poison Magic
  6041 | D:5      | Reached XP level 8. HP: 43/43 MP: 20/27
  6272 | D:5      | Learned a level 5 spell: Lightning Bolt
  6365 | D:6      | Found Plapt's Magic Scroll Boutique.
  6917 | D:8      | Found Doimij's General Store.
  6940 | D:8      | Reached skill level 5 in Dodging
  6940 | D:8      | Reached skill level 5 in Conjurations
  7079 | D:8      | Noticed Dowan
  7084 | D:8      | Noticed Duvessa
  7089 | D:8      | Found a flagged portal.
  7100 | Bailey   | Entered a bailey
  7411 | Bailey   | Acquired Sif Muna's second power
  7583 | Bailey   | Noticed an orc knight
  7603 | Bailey   | Killed an orc knight
  7603 | Bailey   | Reached skill level 9 in Spellcasting
  7603 | Bailey   | Reached XP level 9. HP: 45/47 MP: 16/29
  7782 | Bailey   | Reached skill level 1 in Charms
  7970 | Bailey   | Noticed an orc warlord
  7980 | Bailey   | Shot with a bolt by an orc warlord

Action                   |  1- 3 |  4- 6 |  7- 9 || total
-------------------------+-------+-------+-------++-------
Melee: Dagger            |     3 |       |       ||     3
       Club              |     1 |       |       ||     1
       Rapier            |       |     9 |     4 ||    13
       Hand axe          |       |       |    49 ||    49
 Cast: Magic Dart        |    75 |   103 |   198 ||   376
       Call Imp          |     3 |     8 |       ||    11
       Conjure Flame     |       |    11 |    28 ||    39
       Mephitic Cloud    |       |     3 |    26 ||    29
       Repel Missiles    |       |     2 |       ||     2
       Blink             |       |     6 |     7 ||    13
       Stone Arrow       |       |       |    39 ||    39
Invok: Channel Energy    |       |       |     3 ||     3
  Use: Scroll            |     4 |     1 |    11 ||    16
       Potion            |       |     2 |       ||     2
 Stab: Confused          |       |       |     1 ||     1
  Eat: Chunk             |     2 |     8 |    13 ||    23
